 Dungeon Crawl Stone Soup version 0.18-a0-1639-g7533f42 (webtiles) character file.

557 namelastname112 the Martial Artist (level 7, 27/57 HPs)
             Began as a Yellow Draconian Monk on Mar 27, 2016.
             Quit the game on level 4 of the Dungeon.
             The game lasted 00:03:34 (3783 turns).

namelastname112 the Martial Artist (DrMo)           Turns: 3783, Time: 00:03:35

Health: 27/57      AC:  7    Str: 13    XL:     7   Next: 9%
Magic:  7/7        EV: 13    Int: 11    God:
Gold:   240        SH:  0    Dex: 15    Spells: 0 memorised, 6 levels left

rFire  . . .     SeeInvis .       - Unarmed
rCold  . . .     Gourm    .     (armour unavailable)
rNeg   . . .     Faith    +     (no shield)
rPois  .         Spirit   .     (helmet restricted)
rElec  .         Dismiss  .     (no cloak)
rCorr  +         Reflect  .     b - +0 pair of gloves
SustAt .         Harm     .     (no boots)
MR     .....     Rnd*Tele +     u - amulet of faith
Stlth  ++........               (no ring)
                                r - ring of teleportation (curse)

@: not resistant to hostile enchantments, unstealthy
A: spit acid, acid resistance, unfitting armour, cold-blooded, AC +6
a: Spit Acid


You were on level 4 of the Dungeon.
You were hungry.

You visited 1 branch of the dungeon, and saw 4 of its levels.

You collected 240 gold pieces.

Inventory:

Armour
 b - a +0 pair of gloves (worn)
Jewellery
 r - a cursed ring of teleportation (left hand)
 u - an amulet of faith (around neck)
Scrolls
 d - a scroll of enchant armour {unknown}
 e - 4 scrolls of identify {unknown}
 h - a scroll of immolation {unknown}
 j - 2 scrolls of remove curse {unknown}
 l - a scroll of enchant weapon {unknown}
 n - a scroll of noise {unknown}
 o - 2 scrolls of teleportation {unknown}
Potions
 c - a potion of cancellation {unknown}
 g - a potion of agility {unknown}
 m - a potion of haste {unknown}
 p - a potion of curing
 q - a potion of mutation {unknown}
 s - a potion of berserk rage {unknown}
 t - 2 potions of ambrosia {unknown}
 w - a potion of brilliance {unknown}
Comestibles
 a - 3 bread rations
 f - 2 slices of pizza
 i - 3 meat rations
 k - 3 beef jerkies
 v - a chunk of flesh


   Skills:
 - Level 3.2 Fighting
 - Level 2.6 Dodging
 - Level 1.7 Stealth
 + Level 8.6 Unarmed Combat


You had 6 spell levels left.
You didn't know any spells.

Dungeon Overview and Level Annotations

Branches:
Dungeon (4/15)
 Temple: D:4-7

Altars:
Pakellas
Xom

Shops:
D:4 (


Innate Abilities, Weirdness & Mutations

You can spit globs of acid.
You are resistant to acid.
Your golden yellow scales are hard (AC +6).
Your body does not fit into most forms of armour.
You are cold-blooded and may be slowed by cold attacks.


Message History

You hit Natasha but do no damage.
Your tail-slap misses Natasha.
Natasha is moderately wounded.
You are feeling hungry.
You hit Natasha but do no damage. You tail-slap Natasha.
Natasha is heavily wounded.
Natasha claws you but does no damage.
You closely miss Natasha.
Natasha is heavily wounded.
Natasha closely misses you.
You punch Natasha! Your punch misses Natasha.
Natasha is almost dead.
Natasha barely misses you.
You hit Natasha but do no damage. You tail-slap Natasha.
Natasha is almost dead.
Natasha stares at you and mumbles some strange words.
The magic dart hits you!
You punch Natasha!
You kill Natasha!
You feel Natasha's spirit has finally been put to rest.
Are you sure you want to abandon this character and quit the game? (Confirm with "yes".)

##..###......##..####'#####
##..#...g##### ..#........#
....#....# ..#........#
....#....# ..#........#
#####....######..#........#
...####.......####........#
...#..#....)............###
...'..#....<)...........#
...####.........@.......+
.....#########..[.......#
.....#...#...#..........#
.....#...#...'..........#
.....#...#...#....#######
.....##'####'#....#
..................#
..................#
..................#


There were no monsters in sight!

Vanquished Creatures
  Purgy (D:4)
  2 howler monkeys
  A giant frog zombie (D:3)
  4 orc wizards (D:4)
  Natasha (thrice) (D:4)
  A worker ant (D:4)
  4 gnolls
  3 adders
  An adder skeleton (D:4)
  3 worms
  A dart slug (D:1)
  2 giant geckos
  13 orcs
  3 giant cockroaches
  6 goblins
  8 hobgoblins
  4 jackals (D:2)
  2 quokkas
  3 ball pythons
  7 bats
  4 giant newts
  8 kobolds
  7 rats
91 creatures vanquished.

Notes
Turn   | Place    | Note
--------------------------------------------------------------
     0 | D:1      | namelastname112 the Draconian Monk began the quest for the Orb.
     0 | D:1      | Reached XP level 1. HP: 19/19 MP: 1/1
   312 | D:1      | Reached XP level 2. HP: 20/26 MP: 2/2
   954 | D:2      | Found an oddly glowing altar of Pakellas.
  1082 | D:2      | Reached skill level 5 in Unarmed Combat
  1082 | D:2      | Reached XP level 3. HP: 28/31 MP: 3/3
  1686 | D:3      | Reached XP level 4. HP: 13/38 MP: 4/4
  1991 | D:3      | Reached skill level 6 in Unarmed Combat
  2181 | D:3      | Found a faded altar to an unknown god.
  2207 | D:3      | Reached XP level 5. HP: 42/45 MP: 5/5
  2388 | D:4      | Found Mixkoimp's Antique Weapon Emporium.
  2554 | D:4      | Noticed Purgy
  2569 | D:4      | Killed Purgy
  2569 | D:4      | Reached skill level 7 in Unarmed Combat
  2569 | D:4      | Reached XP level 6. HP: 18/51 MP: 6/6
  2570 | D:4      | Found a shimmering altar of Xom.
  2965 | D:4      | Noticed Natasha
  2974 | D:4      | Killed Natasha
  2974 | D:4      | Reached skill level 8 in Unarmed Combat
  3704 | D:4      | Noticed Natasha
  3710 | D:4      | Killed Natasha
  3710 | D:4      | Your scales start taking on a golden yellow colour.
  3710 | D:4      | Reached XP level 7. HP: 36/57 MP: 7/7
  3766 | D:4      | Noticed Natasha
  3781 | D:4      | Killed Natasha
  3783 | D:4      | Quit the game

Vault maps used:
D:1:      ncdulo_smallfort, glass_columns_a, serial_park_tiny_pond
D:2:      first_bread, grunt_pakellas_basics
D:3:      ecumenical_altar_1, grunt_ministairs_3
D:4:      wad_lake_hut, nicolae_overflow_hidden_temple, serial_shops, shop,
          uniq_natasha, uniq_purgy

Skill      XL: |  1  2  3  4  5  6 |
---------------+-------------------+-----
Unarmed Combat | 5 6 7 8 |  8.6
Fighting       | |  3.2
Dodging        | |  2.6
Stealth        | |  1.7

Action                   |  1- 3 |  4- 6 |  7- 9 || total
-------------------------+-------+-------+-------++-------
Melee: Unarmed           |   122 |   213 |    13 ||   348
 Stab: Sleeping          |     2 |     2 |       ||     4
  Eat: Chunk             |     2 |     7 |       ||     9
